 Dungeon Crawl Stone Soup version 0.28-a0-1510-gd0f6b136d3 (webtiles) character file.

Game seed: 2697890975891947900

155 croobank the Caller (level 5, -1/31 HPs)
             Began as an Octopode Summoner on Jan 15, 2022.
             Slain by Crazy Yiuf (16 damage)
             ... on level 3 of the Dungeon.
             The game lasted 00:14:03 (3412 turns).

croobank the Caller (Octopode Summoner)             Turns: 3412, Time: 00:14:03

Health: -1/31      AC:  1    Str:  9    XL:     5   Next: 37%
Magic:  8/9        EV: 13    Int: 18    God:
Gold:   176        SH:  0    Dex: 12    Spells: 1/10 levels left

rFire   . . .      SeeInvis .   b - +0 hand axe
rCold   + . .      Faith    .   (no shield)
rNeg    . . .      Spirit   .   (helmet restricted)
rPois   .          Reflect  .   g - amulet of the acrobat
rElec   .          Harm     .   (no ring)
rCorr   .          Rampage  .   (no ring)
Will    .....                   (no ring)
Stlth   ++++......              (no ring)
HPRegen 0.10/turn               (no ring)
MPRegen 0.11/turn               (no ring)
                                (no ring)
                                (no ring)

@: lethally poisoned (-1 -> -9)
A: almost no armour, amphibious, 8 rings, camouflage 1, gelatinous body 1,
(nimble swimmer 1), tentacles, cold resistance 1, subdued magic 1
a: no special abilities


You were on level 3 of the Dungeon.
You visited 1 branch of the dungeon, and saw 3 of its levels.

You collected 176 gold pieces.

Inventory:

Hand Weapons
 b - a +0 hand axe (weapon)
Missiles
 e - 141 stones
 f - 49 arrows
 m - 6 poisoned darts
 p - 29 sling bullets
Jewellery
 g - an amulet of the acrobat (around mantle)
Scrolls
 k - a scroll of fog {unknown}
 l - a scroll of identify
 o - a scroll of enchant armour {unknown}
Potions
 a - 2 potions of mutation
 c - 2 potions of heal wounds {unknown}
 d - 2 potions of attraction {unknown}
 h - a potion of curing {unknown}
 i - a potion of degeneration {unknown}
 j - a potion of resistance {unknown}
 n - 2 potions of ambrosia {unknown}


   Skills:
 + Level 3.1 Dodging
 + Level 4.5 Stealth
 + Level 3.0 Spellcasting
 + Level 4.7 Summonings


You had one spell level left.
You knew the following spells:

 Your Spells              Type           Power      Damage    Failure   Level
a - Summon Small Mammal   Summ           60%        N/A       1%          1
b - Call Imp              Summ           15%        N/A       2%          2
c - Call Canine Familiar  Summ           15%        N/A       5%          3
d - Summon Guardian Gole  Hex/Summ       8%         N/A       16%         3

Your spell library contained the following spells:

 Spells                   Type           Power      Damage    Failure   Level
 Blink                    Tloc           4%         N/A       21%         2
 Lesser Beckoning         Tloc           2%         N/A       38%         3
 Summon Lightning Spire   Summ/Air       8%         N/A       47%         4
 Manifold Assault         Tloc           2%         N/A       99%         5


Dungeon Overview and Level Annotations

Branches:
Dungeon (3/15)

Altars:

Annotations:
D:3 Crazy Yiuf


Innate Abilities, Weirdness & Mutations

You cannot wear most types of armour.
You are amphibious.
You can wear up to eight rings at the same time.
Your skin changes colour to match your surroundings (Stealth+).
Your rubbery body absorbs attacks. (AC +1, EV +1)
((You are camouflaged when in or above water. (Stealth+)))
You have tentacles for arms and can constrict up to eight enemies at once.
Your flesh is cold resistant. (rC+)
Your spells are a little easier to cast, but a little less powerful.


Message History

Casting: Call Canine Familiar (dangerous; 5% risk of failure)
Confirm with . or Enter, or press ? or * to list all spells.
You don't know that spell.
Casting: Call Canine Familiar (dangerous; 5% risk of failure)
Confirm with . or Enter, or press ? or * to list all spells.
Casting: Summon Small Mammal (safe; 1% risk of failure)
Confirm with . or Enter, or press ? or * to list all spells.
Unknown command.
You swap places.
You swap places.
You swap places.
You swap places.
You swap places.
There is an open translucent door here.
What are your orders? t - Shout!
Orders for allies: a - Attack new target. r - Retreat! s - Stop attacking. g - Guard the area. f - Follow me.
Anything else - Cancel.
Gang up on whom?
Press: ? - help, Dir - move target, f - Crazy Yiuf
Aim: Crazy Yiuf, wielding a +3 quarterstaff of chaos and wearing a +2 cloak Attack!
Crazy Yiuf hits you with a +3 quarterstaff of chaos!
You are poisoned.
You hit Crazy Yiuf but do no damage. You grab Crazy Yiuf.
You constrict Crazy Yiuf.
You feel very sick.
Your hound bites Crazy Yiuf.
Crazy Yiuf misses you.
Your hound bites Crazy Yiuf but does no damage.
You hit Crazy Yiuf but do no damage.
You squeeze Crazy Yiuf, but do no damage.
Crazy Yiuf is moderately wounded.
You constrict Crazy Yiuf, but do no damage.
You feel very sick.
Your hound bites Crazy Yiuf but does no damage.
Crazy Yiuf hits you with a +3 quarterstaff of chaos!
Ouch! That really hurt!
You die...

...........## #....#
#........#. .....<......#
#...## #........#.
............# ##.## #........#.
............# #b## #........#.
............# ##r# #........#.
............# #.## #........#.
.....####...# ##.# #......###.
###'## #...# ##b## #......# ##
###..######## #@h.# #......# #
............# #gr.# #....>.# #
#...........# #..)# #......# #
#.##.###.#### ##### #......# #
#.##.# #.#..# #......# #
#....###.#..#### ##......# #
#.....##.#.....# #.......# #
#...#.##.#.....#######.......#
#
#...#.##.#.....##...##.......##
#


You could see Crazy Yiuf (ally target), a friendly hound (summoned), a friendly
quokka (summoned) and a friendly bat (summoned).

Vanquished Creatures
  A dart slug (D:3)
  A bat (D:2)
  3 endoplasms
  4 goblins
  3 hobgoblins
  3 kobolds
  2 quokkas (D:2)
  3 ball pythons
  2 frilled lizards
  4 rats
26 creatures vanquished.

Vanquished Creatures (collateral kills)
  Pargi (D:3)
  2 adders (D:3)
  A bat (D:2)
  An endoplasm (D:2)
  3 goblins
  A hobgoblin (D:3)
  A quokka (D:3)
  A kobold (D:2)
  A rat (D:3)
12 creatures vanquished.

Grand Total: 38 creatures vanquished

Notes
Turn   | Place    | Note
-------+----------+-------------------------------------------
     0 | D:1      | croobank the Octopode Summoner began the quest for the Orb.
     0 | D:1      | Reached XP level 1. HP: 11/11 MP: 3/3
   716 | D:1      | Reached XP level 2. HP: 13/17 MP: 5/5
  1322 | D:2      | You fall into a shaft and drop 1 floor!
  1332 | D:3      | Learned a level 2 spell: Call Imp
  2122 | D:2      | Found a faded altar of an unknown god.
  2222 | D:2      | Reached XP level 3. HP: 21/21 MP: 6/6
  2357 | D:2      | Learned a level 3 spell: Call Canine Familiar
  2773 | D:3      | Noticed Pargi
  2781 | D:3      | Killed Pargi
  2782 | D:3      | Reached XP level 4. HP: 10/27 MP: 1/8
  2782 | D:3      | Reached XP level 5. HP: 11/31 MP: 1/9
  2984 | D:3      | Learned a level 3 spell: Summon Guardian Golem
  3392 | D:3      | Found a runed translucent door.
  3393 | D:3      | Noticed Crazy Yiuf
  3396 | D:3      | Gained mutation: Your spells are a little easier to cast,
                  | but a little less powerful. [potion of mutation]
  3396 | D:3      | Gained mutation: Your flesh is cold resistant. (rC+)
                  | [potion of mutation]
  3412 | D:3      | Slain by Crazy Yiuf

Illustrated notes

Levels and vault maps discovered:
D:1:      amcnicky_arrival_single_pillar, layout_loops_cross,
          grunt_decor_mini_mirrors
D:2:      layout_loops_ring, ebering_ecumenical_altar_mist
D:3:      layout_basic, minmay_randomly_rotated_circles,
          uniq_crazy_yiuf_cottage, uniq_pargi

Skill      XL: |  1  2  3  4  5 |
---------------+----------------+-----
Stealth        | 3 4 |  4.5
Dodging        | 3 |  3.1
Spellcasting   | 3 |  3.0
Summonings     | |  4.7

Action                   |  1- 3 |  4- 6 || total
-------------------------+-------+-------++-------
Melee: Unarmed           |    62 |       ||    62
       Constrict         |    14 |     5 ||    19
       Tentacles         |    17 |     2 ||    19
       Punch             |     1 |       ||     1
       Hand axe          |     8 |    12 ||    20
 Cast: Summon Small Mamm |    13 |     8 ||    21
       Call Imp          |     6 |     3 ||     9
       Call Canine Famil |     2 |     2 ||     4
  Use: Scroll            |     5 |       ||     5
       Potion            |       |     1 ||     1
 Stab: Sleeping          |    13 |       ||    13
Armor: Skin              |     7 |     1 ||     8
Dodge: Dodged            |    42 |    10 ||    52

Table legend: (Time is in decaauts)
 A = Elapsed time spent in this place.
 B = Non-inter-level travel time spent in this place.
 C = Inter-level travel time spent in this place.
 D = Time resting spent in this place.
 E = Time spent auto-exploring this place.
 F = Levels seen in this place.
 G = Mean time per level.
                   A        B        C        D        E       F      G
               +--------+--------+--------+--------+--------+-----+--------+
         Total |   3417 |   3247 |    170 |    680 |   2088 |   3 | 1139.0 |
       Dungeon |   3417 |   3247 |    170 |    680 |   2088 |   3 | 1139.0 |
               +--------+--------+--------+--------+--------+-----+--------+

Top non-repeatable levels by time:
     D:1: 1205 daAuts
     D:2: 1176 daAuts
     D:3: 1036 daAuts
